Map: King's Cove LE

Players

uThermal - Winner!

  • Race: Terran Terran
  • Spawn Location: 11:00

Bunny

  • Race: Terran Terran
  • Spawn Location: 5:00

Event: IEM Season 13: Katowice (2019)

VOD

Have the link to the VOD?

Description

Time

  • Played on: March 1, 2019, 12:40 p.m.
  • Length: 9:09

All games in this series

Show
View Real Time Build Order
Export as new Build Order

uThermal Terran - Winner!

Build Orders: 1/1/1, Liberator Opening 

Get SALT Encoding   

  12  0:01  SCV  
  13  0:13  SCV  
  14  0:18  Supply Depot  
  14  0:25  SCV  
  15  0:28  Refinery  
  15  0:39  SCV  
  16  0:45  Barracks  
  16  0:51  SCV  
  17  0:57  Refinery  
  17  1:03  SCV  
  18  1:15  SCV  
  19  1:32  Reaper, Orbital Command  
  20  1:38  Factory  
  20  1:46  Supply Depot  
  20  1:57  SCV  
  21  2:04  Reaper  
  22  2:10  SCV  
  23  2:22  Hellion  
  25  2:23  SCV  
  25  2:24  Starport  
  25  2:29  Supply Depot  
  26  2:36  Reaper  
  27  2:42  SCV  
  27  2:43  Hellion  
  27  2:44  Liberator  
  35  3:05  Hellion  
  35  3:11  Barracks Reactor  
  35  3:15  Command Center  
  35  3:18  SCV  
  36  3:25  Supply Depot  
  36  3:27  Factory Tech Lab  
  36  3:30  SCV  
  37  3:42  SCV  
  37  3:47  Marine x2  
  42  3:54  SCV  
  40  3:57  Factory Tech Lab  
  38  4:06  SCV  
  38  4:11  Marine  
  38  4:14  Raven  
  38  4:18  SCV  
  38  4:22  Marine  
  38  4:27  Orbital Command  
  38  4:30  Refinery, SCV  
  38  4:31  Siege Tank  
  38  4:36  Marine  
  42  4:40  Marine  
  42  4:42  SCV  
  44  4:53  SCV  
  44  4:54  SCV  
  44  4:55  Marine  
  44  4:57  Raven  
  44  4:58  Marine  
  50  5:01  Supply Depot  
  50  5:05  SCV  
  50  5:06  SCV  
  52  5:09  Supply Depot  
  52  5:11  Siege Tank  
  52  5:13  Marine  
  56  5:17  SCV  
  56  5:19  SCV  
  58  5:28  Marine  
  58  5:29  SCV  
  58  5:31  SCV, Marine  
  62  5:41  Command Center, SCV  
  63  5:44  Siege Tank  
  63  5:47  Refinery, SCV  
  67  5:53  SCV  
  67  5:57  Viking  
  70  5:59  Viking  
  70  6:01  SCV  
  73  6:05  SCV  
  73  6:11  Supply Depot  
  74  6:15  SCV  
  74  6:16  Siege Tank  
  74  6:18  Stimpack  
  78  6:25  Supply Depot  
  78  6:32  SCV, Viking, Marine  
  82  6:34  SCV  
  82  6:36  Viking  
  85  6:40  Supply Depot  
  85  6:44  SCV  
  85  6:46  SCV  
  86  6:48  Siege Tank  
  88  6:57  SCV  
  88  6:58  SCV  
  88  6:59  Engineering Bay x2  
  90  7:04  Viking  
  90  7:06  Viking  
  94  7:09  SCV  
  94  7:10  SCV  
  96  7:20  Siege Tank  
  96  7:21  SCV  
  96  7:22  SCV  
  101  7:30  Orbital Command  
  101  7:33  SCV  
  101  7:34  SCV  
  103  7:37  Viking  
  103  7:42  Viking  
  107  7:45  SCV  
  107  7:46  SCV  
  103  7:52  Siege Tank  
  103  7:56  SCV  
  103  7:57  SCV  
  94  7:58  SCV  
  94  8:05  Barracks  
  95  8:06  Barracks  
  95  8:08  SCV  
  95  8:09  SCV  
  95  8:10  SCV  
  95  8:11  Viking  
  95  8:12  Viking  
  102  8:15  Marine  
  103  8:20  SCV  
  103  8:21  SCV  
  103  8:22  SCV  
  103  8:25  Siege Tank  
  109  8:30  Barracks x2  
  109  8:32  SCV  
  110  8:38  SCV  
  111  8:43  SCV  
  111  8:44  Marine  
  111  8:45  SCV  
  114  8:50  SCV  
  114  8:55  Refinery, Supply Depot  
  112  8:56  Refinery  
  112  9:01  Barracks Reactor x2, Supply Depot  
Show
View Real Time Build Order
Export as new Build Order

Bunny Terran 

Build Orders: Gas First Reaper Expand 

Get SALT Encoding   

  12  0:00  SCV  
  13  0:12  SCV  
  14  0:17  Supply Depot  
  14  0:24  SCV  
  15  0:28  Refinery  
  15  0:39  SCV  
  16  0:45  Barracks  
  16  0:51  SCV  
  17  1:03  SCV  
  18  1:15  SCV  
  19  1:32  Reaper, Orbital Command  
  20  1:47  Command Center  
  20  1:58  Factory  
  20  2:01  SCV  
  21  2:06  Barracks Reactor  
  21  2:12  Supply Depot  
  21  2:13  SCV  
  22  2:18  Refinery  
  22  2:25  SCV  
  23  2:37  SCV  
  23  2:41  Factory Tech Lab  
  23  2:42  Marine  
  23  2:43  Marine  
  26  2:49  Starport, SCV  
  27  2:59  Orbital Command  
  27  3:02  SCV, Marine  
  27  3:03  Marine  
  30  3:10  Cyclone  
  33  3:15  SCV  
  34  3:20  Marine x2  
  34  3:24  SCV  
  34  3:26  Starport Tech Lab  
  38  3:27  SCV  
  38  3:30  Bunker  
  38  3:36  SCV  
  38  3:39  SCV  
  40  3:41  Marine  
  40  3:42  Marine  
  40  3:47  Siege Tank  
  45  3:54  Supply Depot  
  41  4:03  Marine x2  
  41  4:05  SCV  
  41  4:06  SCV  
  41  4:07  Viking  
  43  4:17  SCV  
  43  4:18  SCV  
  43  4:19  Siege Tank  
  43  4:21  Marine x2  
  48  4:30  SCV x2  
  49  4:42  SCV x2  
  51  4:52  Raven  
  53  4:54  SCV  
  53  4:57  Supply Depot  
  54  5:04  Command Center  
  54  5:10  Supply Depot  
  54  5:19  Siege Tank, SCV x2, Marine x2  
  54  5:20  Refinery  
  61  5:22  Refinery  
  61  5:30  Supply Depot  
  61  5:31  SCV x2  
  63  5:38  Supply Depot  
  63  5:43  SCV x2  
  63  5:46  Viking x2  
  69  5:51  Supply Depot  
  69  5:52  Marine  
  69  5:55  SCV  
  69  5:56  Siege Tank, SCV  
  74  6:09  Stimpack, SCV x2, Barracks x2  
  74  6:10  Marine  
  77  6:16  Viking  
  79  6:18  Orbital Command  
  79  6:23  Viking  
  81  6:28  Marine  
  81  6:29  SCV x2  
  84  6:34  Siege Tank  
  84  6:36  Liberator  
  87  6:41  Orbital Command  
  87  6:50  Engineering Bay  
  87  6:51  Engineering Bay, SCV x2  
  87  6:54  Viking  
  93  6:57  Barracks Reactor  
  93  7:00  Barracks Reactor, Supply Depot  
  93  7:01  Marine  
  94  7:03  SCV  
  94  7:04  SCV  
  94  7:07  SCV  
  96  7:15  SCV  
  96  7:16  SCV  
  96  7:18  Marine  
  96  7:21  Siege Tank  
  102  7:24  Viking  
  104  7:31  Barracks  
  104  7:34  Marine x2  
  104  7:36  Marine, Supply Depot x2  
  107  7:39  SCV x2  
  107  7:40  SCV  
  86  7:52  Marine x2  
  86  7:54  Marine x3  
  86  7:56  Siege Tank  
  81  7:59  Medivac x2  
  81  8:05  SCV x2  
  83  8:10  Marine x2  
  83  8:12  Marine x3  
  85  8:17  Barracks  
  85  8:21  Orbital Command  
  85  8:23  Barracks Reactor  
  85  8:27  Marine x2  
  85  8:30  Marine x3  
  90  8:34  Siege Tank  
  91  8:45  Marine x2  
  91  8:47  Marine  
  91  8:48  Marine x2  
  64  8:56  SCV x2  

Tags
 
Add a new tag
Caveats
  • Supply blocks, unpowered buildings, or Contaminate may cause inaccurate times.
  • Supply counts are checked every 10 seconds.